 Dungeon Crawl Stone Soup version 0.27-a0-1191-g601b473118 (webtiles) character file.

Game seed: 3528574077153271155

211 polve the Slasher (level 5, -5/38 HPs)
             Began as a Demonspawn Gladiator on May 23, 2021.
             Slain by a gnoll
             ... wielding a +1 flail of distortion
              (6 damage)
             ... on level 4 of the Dungeon.
             The game lasted 00:02:22 (4305 turns).

polve the Slasher (Demonspawn Gladiator)            Turns: 4305, Time: 00:02:22

Health: -5/38      AC:  5    Str: 15    XL:     5   Next: 57%
Magic:  0/5        EV: 12    Int:  9    God:
Gold:   240        SH:  0    Dex: 15    Spells: 4/4 levels left

rFire    . . .     SeeInvis .   a - +0 long sword
rCold    . . .     Faith    .   (no shield)
rNeg     . . .     Spirit   +   b - +0 leather armour
rPois    .         Reflect  .   (helmet restricted)
rElec    .         Harm     .   (no cloak)
rCorr    .         Rampage  .   (no gloves)
Will     .....                  (no boots)
Stlth    +.........             l - amulet of guardian spirit
HPRegen  0.12/turn              (no ring)
MPRegen  0.18/turn              (no ring)

@: no status effects
A: antennae 1, molten scales 1, magic regeneration
a: no special abilities


You were on level 4 of the Dungeon.
You visited 1 branch of the dungeon, and saw 4 of its levels.

You collected 240 gold pieces.

Inventory:

Hand Weapons
 a - a +0 long sword (weapon)
Missiles
 d - 3 throwing nets (quivered)
Armour
 b - a +0 leather armour (worn)
 c - a +0 helmet
Jewellery
 l - an amulet of guardian spirit (around neck)
Scrolls
 e - a scroll of amnesia {unknown}
 f - 5 scrolls of identify {unknown}
 g - 2 scrolls of teleportation {unknown}
 h - 2 scrolls of vulnerability {unknown}
 j - a scroll of enchant weapon {unknown}
 k - a scroll of brand weapon {unknown}
 n - 2 scrolls of fog {unknown}
 q - a scroll of immolation {unknown}
 s - a scroll of magic mapping {unknown}
Potions
 i - a potion of berserk rage
 m - a potion of flight {unknown}
 o - 3 potions of lignification {unknown}
 p - 2 potions of curing {unknown}
 r - a potion of degeneration {unknown}


   Skills:
 - Level 2.0 Fighting
 + Level 5.8 Long Blades
 - Level 1.7 Throwing
 - Level 2.6 Dodging


You had 4 spell levels left.
You didn't know any spells.
Your spell library contained the following spells:

 Spells                   Type           Power      Damage    Failure   Level
 Confusing Touch          Hex            0%         N/A       83%         3
 Gell's Gravitas          Tloc           0%         N/A       83%         3
 Petrify                  Tmut/Erth      0%         N/A       99%         4
 Metabolic Englaciation   Hex/Ice        0%         N/A       100%        5
 Yara's Violent Unravell  Hex/Tmut       0%         3d3       100%        5


Dungeon Overview and Level Annotations

Branches:
Dungeon (4/15)
 Temple: D:4-7

Altars:
Trog

Shops:
D:2 [


Innate Abilities, Weirdness & Mutations

You have a pair of small antennae on your head.
You are partially covered in molten scales. (AC +2)
You regenerate magic rapidly.


Message History

You hit the gnoll.
The gnoll is almost dead.
The gnoll hits you but does no damage. The gnoll completely misses you.
You riposte.
You closely miss the gnoll.
The gnoll is almost dead.
The gnoll completely misses you.
You riposte.
You closely miss the gnoll.
The gnoll hits you with a +1 flail of distortion!
Space warps horribly around you!!
Ouch! That really hurt!
* * * LOW HITPOINT WARNING * * *
The endoplasm barely misses you.
You are too injured to fight recklessly!
You are too injured to fight recklessly!
You are too injured to fight recklessly!
You are too injured to fight recklessly!
You are too injured to fight recklessly!
You are too injured to fight recklessly!
You are too injured to fight recklessly!
You are too injured to fight recklessly!
You are too injured to fight recklessly!
You are too injured to fight recklessly!
You are too injured to fight recklessly!
You are too injured to fight recklessly!
You are too injured to fight recklessly!
You are too injured to fight recklessly!
You are too injured to fight recklessly!
You are too injured to fight recklessly!
The gnoll closely misses you. The endoplasm freezes you.
You are frozen.
* * * LOW HITPOINT WARNING * * *
The endoplasm freezes you.
You are frozen.
* * * LOW HITPOINT WARNING * * *
The gnoll closely misses you.
You riposte.
You completely miss the gnoll. You closely miss the gnoll.
The gnoll hits you with a +1 flail of distortion!
* * * LOW HITPOINT WARNING * * *
Space warps horribly around you!
You die...

.....# ######## .###.#
#.g..g.# .# #.# #.####.#####
.###.####### #.# #.....#
.#...#.....# #g# #.....#
##.###.###.# #.# #gg...#
.#.#.....#.# #.####g...[#
.#.#.#.#.#.########g##.....$.#
.#.#.#..........@gJ.##....$..#
.#.#.#.###...#########.......#
.#.......#...# #.......#
.....#.#.#...#########.......#
........................>....#
.............................#
##...#.#.#...#.....##........#
#.#.#.#.#####.....##.##..####
#.#.#.#.# #.....##?##..#


You could see 2 gnolls and an endoplasm.

Vanquished Creatures
  A scorpion (D:3)
  Jessica (D:3)
  4 adders
  An orc (D:3)
  9 ball pythons
  7 endoplasms
  2 giant cockroaches
  10 goblins
  8 hobgoblins
  5 jackals
  11 kobolds
  2 quokkas
  9 bats
  8 frilled lizards
  3 rats
81 creatures vanquished.

Notes
Turn   | Place    | Note
-------+----------+-------------------------------------------
     0 | D:1      | polve the Demonspawn Gladiator began the quest for the Orb.
     0 | D:1      | Reached XP level 1. HP: 16/16 MP: 1/1
   137 | D:1      | Reached skill level 3 in Long Blades
   148 | D:1      | Gained mutation: You regenerate magic rapidly. [demonic
                  | ancestry]
   148 | D:1      | Reached XP level 2. HP: 22/22 MP: 2/2
   834 | D:1      | Found a faded altar of an unknown god.
   842 | D:1      | Reached XP level 3. HP: 16/27 MP: 3/3
  1309 | D:1      | Reached skill level 4 in Long Blades
  1694 | D:2      | Found Onutzum's Antique Armour Emporium.
  1834 | D:2      | Gained mutation: You have a pair of small antennae on your
                  | head. [demonic ancestry]
  1834 | D:2      | Reached XP level 4. HP: 26/33 MP: 2/4
  2959 | D:3      | Noticed a scorpion
  2972 | D:3      | Killed a scorpion
  2973 | D:3      | Reached skill level 5 in Long Blades
  2973 | D:3      | Gained mutation: You are partially covered in molten
                  | scales. (AC +2) [demonic ancestry]
  2973 | D:3      | Reached XP level 5. HP: 14/38 MP: 2/5
  3461 | D:3      | Found a bloodstained altar of Trog.
  3461 | D:3      | Noticed Jessica
  3488 | D:3      | Killed Jessica
  4305 | D:4      | HP: 1/38 [gnoll/+1 flail of distortion (6)]
  4305 | D:4      | Slain by a gnoll

Illustrated notes

Levels and vault maps discovered:
D:1:      dpeg_arrival_shelter, layout_loops_corners,
          hellmonk_ecumenical_altar_dog_temple, minmay_lizard_pond
D:2:      layout_basic, serial_shops, nicolae_shop_stone
D:3:      layout_loops_corners, amcnicky_altar_gilded, uniq_jessica
D:4:      layout_basic, uniq_eustachio

Skill      XL: |  1  2  3  4 |
---------------+-------------+-----
Long Blades    | 3 4 5 |  5.8
Fighting       | |  2.0
Throwing       | |  1.7
Dodging        | |  2.6

Action                   |  1- 3 |  4- 6 || total
-------------------------+-------+-------++-------
Melee: Long sword        |   115 |   100 ||   215
Throw: Throwing net      |     1 |       ||     1
  Use: Potion            |       |     1 ||     1
 Stab: Sleeping          |     3 |       ||     3
Armor: Leather armour    |    38 |    33 ||    71
Dodge: Dodged            |    80 |    76 ||   156
       Rpst.: Long sword |    31 |    16 ||    47

Table legend: (Time is in decaauts)
 A = Elapsed time spent in this place.
 B = Non-inter-level travel time spent in this place.
 C = Inter-level travel time spent in this place.
 D = Time resting spent in this place.
 E = Time spent auto-exploring this place.
 F = Levels seen in this place.
 G = Mean time per level.
                   A        B        C        D        E       F      G
               +--------+--------+--------+--------+--------+-----+--------+
         Total |   4361 |   4268 |     93 |      2 |   3704 |   4 | 1090.2 |
       Dungeon |   4361 |   4268 |     93 |      2 |   3704 |   4 | 1090.2 |
               +--------+--------+--------+--------+--------+-----+--------+

Top non-repeatable levels by time:
     D:3: 1910 daAuts
     D:1: 1628 daAuts
     D:2: 667 daAuts
     D:4: 155 daAuts
